 Dungeon Crawl Stone Soup version 0.29.1-1-gd02db6906a (webtiles) character file.

Game seed: 12580237859105979968

31 virigoth the Cutter (level 3, 0/40 HPs)
             Began as a Demonspawn Gladiator on Sept 20, 2022.
             Slain by Edmund
             ... wielding a +1 flail of holy wrath
              (1 damage)
             ... on level 3 of the Dungeon.
             The game lasted 00:04:28 (1847 turns).

virigoth the Cutter (Demonspawn Gladiator)          Turns: 1847, Time: 00:04:30

Health: 0/40       AC:  7    Str: 14    XL:     3   Next: 7%
Magic:  3/3        EV: 12    Int:  9    God:
Gold:   146        SH:  0    Dex: 16    Spells: 2/2 levels left

rFire   . . .      SeeInvis .   a - +0 rapier
rCold   . . .      Faith    .   (no shield)
rNeg    . . .      Spirit   .   b - +0 leather armour
rPois   .          Reflect  .   p - +1 helmet
rElec   .          Harm     .   (no cloak)
rCorr   .          Rampage  .   (no gloves)
Will    .....                   (no boots)
Stlth   ..........              (no amulet)
HPRegen 0.13/turn               (no ring)
MPRegen 0.08/turn               (no ring)

@: berserking, very quick
A: hooves 1, molten scales 1
a: no special abilities


You were on level 3 of the Dungeon.
You visited 1 branch of the dungeon, and saw 4 of its levels.

You collected 146 gold pieces.

Inventory:

Hand Weapons
 a - a +0 rapier (weapon)
 l - the +1 hand axe "Xeiwu" {pain, Dex+4}
   (You found it on level 2 of the Dungeon)

   In the hands of one skilled in necromantic magic, it inflicts extra damage on
   living creatures.
   Dex:       It affects your dexterity (+4).
Missiles
 d - 3 throwing nets
 e - 12 javelins (quivered)
Armour
 b - a +0 leather armour (worn)
 p - a +1 helmet (worn)
Scrolls
 h - 2 scrolls of enchant armour
Potions
 f - a potion of heal wounds {unknown}
 g - a potion of ambrosia {unknown}
 k - a potion of curing {unknown}
 m - a potion of haste {unknown}
 o - a potion of attraction {unknown}


   Skills:
 - Level 2.0 Fighting
 + Level 3.9 Short Blades
 - Level 1.7 Throwing
 - Level 2.6 Dodging


You had 2 spell levels left.
You didn't know any spells.
Your spell library contained the following spells:

 Spells                   Type           Power      Damage    Failure   Level
 Apportation              Tloc           0%         N/A       45%         1
 Necrotise                Necr           0%         1d4       45%         1
 Summon Small Mammal      Summ           0%         N/A       45%         1
 Ozocubu's Armour         Ice            0%         N/A       83%         3
 Ozocubu's Refrigeration  Ice            0%         4d7       100%        7


Dungeon Overview and Level Annotations

Branches:
Dungeon (4/15)
 Temple: D:4-7

Altars:

Annotations:
D:3 Edmund


Innate Abilities, Weirdness & Mutations

You have large cloven feet.
You are partially covered in molten scales. (AC +2)


Message History

Edmund attacks as you move away! Edmund closely misses you.
The endoplasm freezes you.
You are frozen.
You hear a zap.
You hear a grinding noise.
There is a stone staircase leading up here.
The endoplasm hits you.
Edmund mutters, "Who needs spells, anyway?"
Edmund barely misses you.
You climb upwards.
There is a stone staircase leading down here.
The endoplasm closely misses you. Edmund attacks as you move away!
Edmund hits you with a +1 flail of holy wrath.
You convulse.
* * * LOW HITPOINT WARNING * * *
You are too injured to fight recklessly!
You are too injured to fight recklessly!
You are too injured to fight recklessly!
You are too injured to fight recklessly!
Okay, then.
It was a potion of berserk rage.
A red film seems to cover your vision as you go berserk!
You feel yourself moving faster!
You feel mighty! The endoplasm freezes you.
You are frozen.
* * * LOW HITPOINT WARNING * * *
Edmund hits you with a +1 flail of holy wrath.
* * * LOW HITPOINT WARNING * * *
You convulse.
* * * LOW HITPOINT WARNING * * *
Unknown command.
You hit Edmund. You kick Edmund.
Edmund is heavily wounded.
You hit Edmund.
Edmund is severely wounded.
The endoplasm barely misses you.
Edmund hits you with a +1 flail of holy wrath.
* * * LOW HITPOINT WARNING * * *
You convulse.
You die...

##.............##
#...............#
#...............#
#...............#
#...............#
#..............>##
#########................#
####......###...@.........#.#
.......<..#
##.@J>.#...[.##...#
####......#
########<#######..#
..........# #†...## #.#
..........##############..#
.#
###.................†.....# #
#?.......###########....#
#......... ....##.....
#.......... ###### ####.#


You could see Edmund and an endoplasm (poisoned).

Vanquished Creatures
  5 bats
  2 endoplasms
  4 giant cockroaches
  4 jackals (D:1)
  3 ball pythons (D:2)
  4 frilled lizards
  4 kobolds (D:1)
  6 rats
32 creatures vanquished.

Vanquished Creatures (others)
  5 fungi (D:3)
5 creatures vanquished.

Grand Total: 37 creatures vanquished

Notes
Turn   | Place    | Note
-------+----------+-------------------------------------------
     0 | D:1      | virigoth the Demonspawn Gladiator began the quest for the
                  | Orb.
     0 | D:1      | Reached XP level 1. HP: 16/16 MP: 1/1
   226 | D:1      | Reached skill level 3 in Short Blades
   270 | D:1      | Gained mutation: You are partially covered in molten
                  | scales. (AC +2) [demonic ancestry]
   270 | D:1      | Reached XP level 2. HP: 13/22 MP: 2/2
   616 | D:2      | Identified the +1 hand axe "Xeiwu" {pain, Dex+4}
   995 | D:1      | Found a faded altar of an unknown god.
  1718 | D:3      | Gained mutation: You have large cloven feet. [demonic
                  | ancestry]
  1718 | D:3      | Reached XP level 3. HP: 23/27 MP: 3/3
  1834 | D:4      | Noticed Edmund
  1845 | D:3      | HP: 2/40 [Edmund/+1 flail of holy wrath (1)]
  1847 | D:3      | Slain by Edmund

Illustrated notes

Levels and vault maps discovered:
D:1:      dpeg_arrival_prison, layout_loops_ring,
          shapermc_ecumenical_altar_hornbeckon
D:2:      layout_basic
D:3:      layout_rooms, minitemple, mainiacjoe_overflow_chevrons,
          lightli_temple_of_fire, minmay_misc_feat_hallway
D:4:      layout_layer_cave, uniq_edmund, uniq_eustachio

Skill      XL: |  1 |
---------------+----+-----
Short Blades   | 3 |  3.9
Fighting       | |  2.0
Throwing       | |  1.7
Dodging        | |  2.6

Action                   || total
-------------------------++-------
Melee: Rapier            ||   106
       Kick              ||     3
  Use: Scroll            ||     6
       Potion            ||     1
Armor: Leather armour    ||    45
Dodge: Dodged            ||    91
